 Dungeon Crawl Stone Soup version 0.31.0-12-g77e489cdc1 (webtiles) character file.

Game seed: 13123593269335865241

27 Curundu the Chopper (level 2, -6/40 HPs)
             Began as a Minotaur Berserker on Mar 7, 2024.
             Was a Follower of Trog.
             Mangled by Sigmund
             ... wielding a +0 scythe
              (10 damage)
             ... on level 2 of the Dungeon.
             The game lasted 00:01:12 (674 turns).

Curundu the Chopper (Minotaur Berserker)             Turns: 674, Time: 00:01:12

Health: -6/40      AC:  2    Str: 21    XL:     2   Next: 93%
Magic:  1/1        EV: 12    Int:  4    God:    Trog [*.....]
Gold:   61         SH:  0    Dex:  9    Spells: 1/1 levels left

rFire   . . .        a - +0 hand axe
rCold   . . .        (no shield)
rNeg    . . .        b - +0 animal skin
rPois   .            (helmet restricted)
rElec   .            (no cloak)
rCorr   .            (no gloves)
SInv    .            (no boots)
Will    .....        (no amulet) Stlth
                     (no ring)
HPRegen 0.26/turn    (no ring)
MPRegen 0.07/turn

%: no passive effects
@: berserking, very quick
A: horns 2, retaliatory headbutt
a: Renounce Religion, Berserk


You were on level 2 of the Dungeon.
You worshipped Trog.
Trog was aware of your devotion.
You visited 1 branch of the dungeon, and saw 2 of its levels.

You collected 61 gold pieces.

Inventory:

Hand Weapons
 a - a +0 hand axe (weapon)
Armour
 b - a +0 animal skin (worn)
Jewellery
 d - a ring of fire
Scrolls
 c - a scroll of blinking {unknown}
 h - 2 scrolls of silence {unknown}
Potions
 e - a potion of curing {unknown}
 f - a potion of might {unknown}
 g - a potion of attraction {unknown}
 i - a potion of heal wounds {unknown}


   Skills:
 + Level 4.0 Fighting
 + Level 4.2 Axes
 + Level 2.7 Armour
 + Level 2.6 Dodging


You had one spell level left.
You didn't know any spells.
Your spell library was empty.

Dungeon Overview and Level Annotations

Branches:
Dungeon (2/15)

Altars:

Annotations:
D:2 Sigmund


Innate Abilities, Weirdness & Mutations

You have a pair of horns on your head.
You reflexively headbutt those who attack you in melee.


Message History

Trog accepts your kill.
The ribbon worm bites you but does no damage.
You barely miss the ribbon worm.
You headbutt the ribbon worm, but do no damage.
You hit the kobold. The ribbon worm barely misses you.
The kobold closely misses you.
You slash the ribbon worm!
The ribbon worm is heavily wounded.
You miss the kobold. The ribbon worm bites you. Sigmund closely misses you.
The kobold closely misses you.
You hit the ribbon worm. You headbutt the ribbon worm.
The ribbon worm is almost dead.
You barely miss the kobold.
The kobold hits you with a +0 short sword.
The ribbon worm expels a string of sticky webbing.
The stream of webbing hits you but does no damage.
You are caught in a web!
A red film seems to cover your vision as you go berserk!
You feel yourself moving faster!
You feel mighty!
Sigmund mumbles some strange words.
Sigmund flickers and vanishes!
Deactivating autopickup; reactivate with Ctrl-A.
The kobold hits you with a +0 short sword.
The ribbon worm completely misses you. You furiously retaliate!
You headbutt the ribbon worm!
You kill the ribbon worm!
Trog accepts your kill.
The web tears apart.
You feel a strong urge to attack something.
Something hits you. The kobold misses you.
You slash the kobold!
You kill the kobold!
Trog accepts your kill. Something hits you!
* * * LOW HITPOINT WARNING * * *
Things that are here:
a +0 short sword; a kobold corpse You hit something.
You closely miss something. Something hits you!
You die...

#.########
.........#
.###.###@#
#.###{#
#...<.#
#####.#
....
##...#
#..S#
#....
#..###


There were no monsters in sight!

Vanquished Creatures
  A dart slug (D:1)
  A ribbon worm (D:2)
  2 ball pythons
  2 bats (D:1)
  2 endoplasms (D:1)
  A hobgoblin (D:1)
  6 jackals (D:1)
  2 kobolds
  A quokka (D:1)
  A rat (D:1)
19 creatures vanquished.

Notes
Turn   | Place    | Note
-------+----------+-------------------------------------------
     0 | D:1      | Curundu the Minotaur Berserker began the quest for the Orb.
     0 | D:1      | Reached XP level 1. HP: 19/19 MP: 0/0
   193 | D:1      | Reached XP level 2. HP: 20/27 MP: 1/1
   657 | D:2      | Noticed Sigmund
   674 | D:2      | Mangled by Sigmund

Illustrated notes

Levels and vault maps discovered:
D:1:      nzn_arrival_depleted_hourglass, layout_basic
D:2:      layout_loops_ring, basic_altar, uniq_jessica, uniq_sigmund,
          uniq_crazy_yiuf_cottage

Skill      XL: |  1  2 |
---------------+-------+-----
Axes           | 4 |  4.2
Fighting       | 4 |  4.0
Armour         | |  2.7
Dodging        | |  2.6

Action                     || total
---------------------------++-------
  Melee: Hand axe          ||    36
         Headbutt          ||     8
 Invoke: Berserk           ||     1
 Armour: Animal skin       ||    26
  Dodge: Dodged            ||    27
